 Dungeon Crawl Stone Soup version 0.24-a0-378-g94936e539c (webtiles) character file.

Game seed: 10350177852609826137

243 Azzok the Chopper (level 6, -3/70 HPs)
             Began as a Formicid Fighter on June 1, 2019.
             Killed by divine providence
             ... invoked by an orc priest
              (16 damage)
             ... on level 4 of the Dungeon.
             The game lasted 00:05:16 (2885 turns).

Azzok the Chopper (Formicid Fighter)                Turns: 2885, Time: 00:05:17

Health: -3/70      AC: 23    Str: 26 (28) XL:     6   Next: 31%
Magic:  6/6        EV:  2    Int:  5 (8)  God:
Gold:   132        SH:  9    Dex:  7 (10) Spells: 5/5 levels left

rFire    . . .     SeeInvis .   a - +0 war axe
rCold    . . .     Gourm    .   c - +0 shield
rNeg     + + +     Faith    .   (armour currently unavailable)
rPois    +         Spirit   .   (helmet unavailable)
rElec    .         Reflect  .   (cloak currently unavailable)
rCorr    .         Harm     .   (gloves currently unavailable)
MR       .....                  (boots currently unavailable)
Stlth    +.........             (no amulet)
HPRegen  0.21/turn              i - +6 ring of strength
MPRegen  0.10/turn              (no ring)

@: tree-form
A: permanent stasis, dig shafts and tunnels, four strong arms
a: no special abilities


You were on level 4 of the Dungeon.
You were hungry.
You were a tree.
You visited 1 branch of the dungeon, and saw 4 of its levels.

You collected 132 gold pieces.

Inventory:

Hand Weapons
 a - a +0 war axe (weapon)
Missiles
 v - 3 throwing nets (quivered)
Armour
 c - a +0 shield (worn)
 n - a +0 plate armour (melded)
Jewellery
 i - a +6 ring of strength (left branch)
Scrolls
 e - a scroll of random uselessness {unknown}
 j - 5 scrolls of identify {unknown}
 k - 2 scrolls of remove curse {unknown}
 o - 2 scrolls of amnesia {unknown}
 p - 3 scrolls of teleportation {unknown}
 t - a scroll of immolation {unknown}
 u - a scroll of enchant armour {unknown}
Potions
 b - a potion of heal wounds {unknown}
 d - a potion of might
 g - a potion of resistance {unknown}
 h - 2 potions of curing {unknown}
 l - a potion of haste {unknown}
 m - 2 potions of degeneration
 q - a potion of magic {unknown}
 r - a potion of ambrosia {unknown}
 s - a potion of lignification
Comestibles
 f - 11 rations


   Skills:
 - Level 3.2 Fighting
 + Level 6.2 Axes
 - Level 3.2 Armour
 - Level 3.6 Shields


You had 5 spell levels left.
You didn't know any spells.
Your spell library was empty.

Dungeon Overview and Level Annotations

Branches:
Dungeon (4/15)
 Temple: D:4-7

Altars:
Uskayaw
The Shining One


Innate Abilities, Weirdness & Mutations

You cannot be hasted, slowed, berserked, paralysed or teleported.
You can dig through walls and to a lower floor.
Your four strong arms can wield two-handed weapons with a shield.
((You have a pair of large antennae on your head. (SInv)))


Message History

The orc wizard hits you but does no damage.
The orc hits you.
* * * LOW HITPOINT WARNING * * *
The orc wizard gestures at you while chanting.
You resist with some effort.
You closely miss the orc. You barely miss something.
You hit the orc wizard but do no damage.
You block the orc's attack.
You hear some strange, mumbled words.
A puff of flame appears from out of thin air!
Deactivating autopickup; reactivate with Ctrl-A.
You block the puff of flame.
The orc wizard mumbles some strange words.
The orc wizard blinks!
The orc hits you but does no damage.
You hit the orc.
The orc is almost dead.
You miss something. Something hits you but does no damage.
The orc priest mumbles some strange prayers to Beogh against you.
Beogh smites you!
You die...

▒▒▒▒▒▒▒▒▒··>·{········▒{
▒ ▒▒▒▒▒·▒·▒▒·▒▒·▒ ▒
▒{▒·>·▒··· ▒ ▒·▒·····▒
▒▒▒▒▒▒▒ ▒·▒·o···▒
······· ▒·▒·····▒··≈
▒▒▒▒▒▒▒ ▒oooo······· ▒
▒▒▒{o▒·▒▒▒▒ ▒ ▒·♣▒ ▒
▒··▒ ▒▒▒▒ ▒···· ···▒
▒·▒▒·▒ ▒▒·▒ ▒·▒ ·▒ ▒·▒
▒·▒ ▒ ▒·▒ ▒·▒ ▒·▒ ▒··
▒·▒


You could see an orc priest and 5 orcs.

Vanquished Creatures
  2 orc priests (D:4)
  An orc wizard (D:4)
  6 gnolls (D:4)
  An adder (D:3)
  An ooze (D:2)
  4 worms
  3 dart slugs
  3 leopard geckos
  3 orcs
  4 giant cockroaches
  6 hobgoblins
  2 jackals (D:2)
  A quokka (D:2)
  2 ball pythons
  11 bats
  2 frilled lizards
  7 goblins
  3 kobolds (D:1)
  10 rats
72 creatures vanquished.

Notes
Turn   | Place    | Note
-------+----------+-------------------------------------------
     0 | D:1      | Azzok the Formicid Fighter began the quest for the Orb.
     0 | D:1      | Reached XP level 1. HP: 18/18 MP: 1/1
   144 | D:1      | Reached XP level 2. HP: 24/24 MP: 2/2
   278 | D:1      | Reached skill level 3 in Axes
   638 | D:2      | Reached XP level 3. HP: 29/29 MP: 3/3
   682 | D:2      | Found a hide-covered altar of Uskayaw.
  1276 | D:2      | Reached skill level 4 in Axes
  1276 | D:2      | Reached XP level 4. HP: 35/35 MP: 4/4
  1767 | D:3      | Found a faded altar of an unknown god.
  2371 | D:3      | Found a glowing golden altar of the Shining One.
  2441 | D:4      | Reached XP level 5. HP: 20/41 MP: 5/5
  2562 | D:4      | Reached skill level 5 in Axes
  2813 | D:4      | Reached skill level 6 in Axes
  2813 | D:4      | Reached XP level 6. HP: 30/47 MP: 6/6
  2880 | D:4      | Noticed a phantom
  2885 | D:4      | Killed from afar by an orc priest

Levels and vault maps discovered:
D:1:      dpeg_arrival_court, layout_rooms, hex_tiny
D:2:      kennysheep_six_static_rooms, layout_loops_ring,
          eat_drink_and_be_merry_uskayaw
D:3:      layout_loops_cross, tso_oasis_becter,
          chequers_ecumenical_altar_simple_redux, minmay_box_of_dots
D:4:      layout_loops_ring, first_ration, gup_sewer_entry_pipe

Skill      XL: |  1  2  3  4  5 |
---------------+----------------+-----
Axes           | 3 4 6 |  6.2
Fighting       | |  3.2
Armour         | |  3.2
Shields        | |  3.6

Action                   |  1- 3 |  4- 6 || total
-------------------------+-------+-------++-------
Melee: War axe           |    99 |   116 ||   215
  Use: Potion            |       |     2 ||     2
  Eat: Chunk             |     1 |     5 ||     6
Armor: Scale mail        |    12 |       ||    12
       Plate armour      |    27 |    77 ||   104
       Skin              |       |     4 ||     4
Dodge: Dodged            |    32 |    22 ||    54
Block: Shield            |    54 |    84 ||   138

Table legend:
 A = Non-vault XP
 B = Vault XP
 C = Vault XP percentage of total XP
 D = Non-vault monster count
 E = Vault monster count
 F = Vault count percentage of total count
                 A         B        C        D         E       F
            +---------+---------+-------+---------+---------+-------
      Total |     336 |      12 |   3.4 |      65 |       7 |   9.7
            +---------+---------+-------+---------+---------+-------
        D:1 |      28 |       0 |   0.0 |      19 |       0 |   0.0
        D:2 |      49 |      11 |  18.3 |      20 |       6 |  23.1
        D:3 |      47 |       1 |   2.1 |      14 |       1 |   6.7
        D:4 |     212 |       0 |   0.0 |      12 |       0 |   0.0
            +---------+---------+-------+---------+---------+-------
